 Dungeon Crawl Stone Soup version 0.22-a0-422-g9628fc8 (webtiles) character file.

1328 Mgcat the Magician (level 8, -1/41 HPs)
             Began as a Deep Elf Earth Elementalist on May 20, 2018.
             Slain by a two-headed ogre
             ... wielding a +0 dire flail
              (21 damage)
             ... on level 5 of the Dungeon.
             The game lasted 00:11:27 (4273 turns).

Mgcat the Magician (Deep Elf Earth Elementalist)    Turns: 4273, Time: 00:11:28

Health: -1/41      AC:  5    Str:  5    XL:     8   Next: 34%
Magic:  17/30      EV: 13    Int: 26    God:
Gold:   341        SH:  0    Dex: 15    Spells: 13/22 levels left

rFire    . . .     SeeInvis .   j - +0 short sword
rCold    . . .     Gourm    .   (no shield)
rNeg     . . .     Faith    .   c - +1 robe
rPois    .         Spirit   .   s - -1 helmet (curse)
rElec    .         Reflect  .   n - +1 cloak
rCorr    .         Harm     .   (no gloves)
MR       .....                  (no boots)
Stlth    +++.......             (no amulet)
HPRegen  0.13/turn              e - ring of magical power {MP+9}
MPRegen  0.22/turn              r - +3 ring of intelligence

@: no status effects
A: no striking features
a: no special abilities


You were on level 5 of the Dungeon.
You were not hungry.

You visited 1 branch of the dungeon, and saw 5 of its levels.

You collected 341 gold pieces.

Inventory:

Hand Weapons
 j - a +0 short sword (weapon)
   (You found it on level 1 of the Dungeon)
Missiles
 b - 105 stones (quivered)
Armour
 c - a +1 robe (worn)
 n - a +1 cloak (worn)
   (You found it on level 5 of the Dungeon)
 s - a cursed -1 helmet (worn)
   (You took it off Robin on level 3 of the Dungeon)
 x - a cursed +0 helmet
   (You found it on level 6 of the Dungeon)
Jewellery
 e - a ring of magical power (left hand) {MP+9}
   (You found it on level 1 of the Dungeon)
 f - an uncursed ring of resist corrosion
   (You found it on level 1 of the Dungeon)
 r - a +3 ring of intelligence (right hand)
   (You found it on level 3 of the Dungeon)
Scrolls
 l - 2 scrolls of blinking {!r}
 o - a scroll of teleportation
Potions
 a - 2 potions of lignification {!q}
 g - a potion of heal wounds {unknown}
 h - a potion of haste {unknown}
 i - a potion of agility
 m - a potion of berserk rage {!q}
 t - a potion of brilliance
 w - 4 potions of curing
Comestibles
 d - 5 rations


   Skills:
 + Level 3.3 Dodging
 + Level 5.7 Stealth
 + Level 7.7 Spellcasting
 + Level 5.1 Conjurations
   Level 1.1 Transmutations
 + Level 6.8 Earth Magic


You had 13 spell levels left.
You knew the following spells:

 Your Spells              Type           Power        Failure   Level  Hunger
a - Sandblast             Erth           #####.       1%          1    None
b - Stone Arrow           Conj/Erth      #####.       1%          3    None
c - Lee's Rapid Deconstr  Erth           #####.....   10%         5    ####...

Your spell library contained the following spells:

 Spells                   Type           Power        Failure   Level  Hunger
 Passwall                 Tmut/Erth      ####......   1%          2    None
 Petrify                  Tmut/Erth      ####....     11%         4    ##.....


Dungeon Overview and Level Annotations

Branches:
Dungeon (6/15)
 Temple: D:4-7

Altars:
Fedhas
Makhleb
Qazlal


Message History

Casting: Sandblast (safe; 1% risk of failure)
Confirm with . or Enter, or press ? or * to list all spells.
Aiming: Sandblast (safe; 1% risk of failure)
Press: ? - help, Shift-Dir - straight line, f/p - phantom
Aim: a phantom (moderately damaged)
The blast of sand misses the phantom.
b - 109 stones The phantom hits you!
The phantom blinks!
Casting: Sandblast (safe; 1% risk of failure)
Confirm with . or Enter, or press ? or * to list all spells.
You can't see any susceptible monsters within range! (Use Z to cast anyway.)
Casting: Sandblast (safe; 1% risk of failure)
Confirm with . or Enter, or press ? or * to list all spells.
Aiming: Stone Arrow (safe; 1% risk of failure)
Press: ? - help, Shift-Dir - straight line, f/p - phantom
Aim: a phantom (moderately damaged)
The stone arrow hits the phantom.
The phantom is almost destroyed.
Casting: Stone Arrow (safe; 1% risk of failure)
Confirm with . or Enter, or press ? or * to list all spells.
Aiming: Stone Arrow (safe; 1% risk of failure)
Press: ? - help, Shift-Dir - straight line, f/p - phantom
Aim: a phantom (almost destroyed)
The stone arrow misses the phantom.
Casting: Stone Arrow (safe; 1% risk of failure)
Confirm with . or Enter, or press ? or * to list all spells.
Aiming: Sandblast (safe; 1% risk of failure)
Press: ? - help, Shift-Dir - straight line, f/p - phantom
Aim: a phantom (almost destroyed)
The blast of sand hits the phantom.
You destroy the phantom!
b - 108 stones Wear which item? (? for menu, Esc to quit)
You start putting on your armour.
You continue putting on your embroidered cloak. x4
You finish putting on your +1 cloak.
You now have 341 gold pieces (gained 13).
All of the chunks of flesh in your inventory have rotted away.
You see here 10 poisoned needles.
A two-headed ogre comes into view.
It is wielding a dire flail and a giant club.
Casting: Sandblast (safe; 1% risk of failure)
Confirm with . or Enter, or press ? or * to list all spells.
You can't see any susceptible monsters within range! (Use Z to cast anyway.)
Casting: Sandblast (safe; 1% risk of failure)
Confirm with . or Enter, or press ? or * to list all spells.
You can't see any susceptible monsters within range! (Use Z to cast anyway.)
Casting: Sandblast (safe; 1% risk of failure)
Confirm with . or Enter, or press ? or * to list all spells.
You can't see any susceptible monsters within range! (Use Z to cast anyway.)
Casting: Sandblast (safe; 1% risk of failure)
Confirm with . or Enter, or press ? or * to list all spells.
Aiming: Lee's Rapid Deconstruction (slightly dangerous; 10% risk of failure)
Press: ? - help, Dir - move target cursor The wall shatters!
The blast of rock fragments hits the two-headed ogre.
The two-headed ogre is moderately wounded.
The two-headed ogre shouts in stereo!
Casting: Lee's Rapid Deconstruction (slightly dangerous; 10% risk of failure)
Confirm with . or Enter, or press ? or * to list all spells.
You can't see any susceptible monsters within range! (Use Z to cast anyway.)
Casting: Lee's Rapid Deconstruction (slightly dangerous; 10% risk of failure)
Confirm with . or Enter, or press ? or * to list all spells.
Aiming: Stone Arrow (safe; 1% risk of failure)
Press: ? - help, Shift-Dir - straight line, f - two-headed ogre
Aim: a two-headed ogre, wielding a dire flail and a giant club (moderately wounded)
The stone arrow hits the two-headed ogre.
The two-headed ogre is heavily wounded.
Casting: Stone Arrow (safe; 1% risk of failure)
Confirm with . or Enter, or press ? or * to list all spells.
Aiming: Stone Arrow (safe; 1% risk of failure)
Press: ? - help, Shift-Dir - straight line, f/p - two-headed ogre
Aim: a two-headed ogre, wielding a dire flail and a giant club (heavily wounded)
The stone arrow misses the two-headed ogre.
Casting: Stone Arrow (safe; 1% risk of failure)
Confirm with . or Enter, or press ? or * to list all spells.
Aiming: Sandblast (safe; 1% risk of failure)
Press: ? - help, Shift-Dir - straight line, f/p - two-headed ogre
Aim: a two-headed ogre, wielding a dire flail and a giant club (heavily wounded)
The blast of sand hits the two-headed ogre.
The two-headed ogre is heavily wounded.
b - 107 stones
Casting: Sandblast (safe; 1% risk of failure)
Confirm with . or Enter, or press ? or * to list all spells.
Aiming: Sandblast (safe; 1% risk of failure)
Press: ? - help, Shift-Dir - straight line, f/p - two-headed ogre
Aim: a two-headed ogre, wielding a dire flail and a giant club (heavily wounded)
The blast of sand hits the two-headed ogre.
The two-headed ogre is almost dead.
b - 106 stones
Casting: Sandblast (safe; 1% risk of failure)
Confirm with . or Enter, or press ? or * to list all spells.
Aiming: Sandblast (safe; 1% risk of failure)
Press: ? - help, Shift-Dir - straight line, f/p - two-headed ogre
Aim: a two-headed ogre, wielding a dire flail and a giant club (almost dead)
The blast of sand misses the two-headed ogre.
b - 105 stones The two-headed ogre hits you with a dire flail!
The two-headed ogre hits you with a giant club!!
Ouch! That really hurt!
You die...

..######
#######.......######
.........
....................
.........
#####.........##
.######..
...#....._)...# ##
#............#
#.....8......#
##............#
####.[.._..(.....#
......O@.......#.#
...#...##....#.#.#
##.# ####.#.#.# #)
#.#.#.# # #.#.#.#
#...#.# ##..#.#
....# ...


You could see a two-headed ogre.

Vanquished Creatures
  Grinder (D:5)
  A shadow (D:6)
  Duvessa (D:5)
  An orc warrior (D:6)
  2 phantoms
  A centaur (D:5)
  Dowan (D:5)
  2 crimson imps (D:5)
  An orc priest (D:5)
  Jessica (D:2)
  Natasha (thrice) (D:3)
  4 orc wizards (D:5)
  Robin (D:3)
  A howler monkey skeleton (D:6)
  8 adders
  A shadow imp (D:6)
  An adder skeleton (D:6)
  2 dart slugs
  A leopard gecko (D:1)
  3 orcs (D:5)
  2 ball pythons
  2 giant cockroaches (D:1)
  14 goblins
  13 hobgoblins
  3 jackals (D:3)
  A quokka (D:3)
  2 bats
  9 frilled lizards
  A jackal zombie (D:3)
  9 kobolds
  8 rats
101 creatures vanquished.

Notes
Turn   | Place    | Note
-------+----------+-------------------------------------------
     0 | D:1      | Mgcat the Deep Elf Earth Elementalist began the quest for the Orb.
     0 | D:1      | Reached XP level 1. HP: 10/10 MP: 6/6
   442 | D:1      | Reached XP level 2. HP: 15/15 MP: 8/8
  1158 | D:2      | Reached skill level 4 in Spellcasting
  1158 | D:2      | Reached skill level 4 in Earth Magic
  1158 | D:2      | Reached XP level 3. HP: 18/19 MP: 10/10
  1163 | D:2      | Learned a level 3 spell: Stone Arrow
  1550 | D:2      | HP: 4/19 [kobold/stone (1)]
  1824 | D:2      | Noticed Jessica
  1825 | D:2      | Killed Jessica
  1825 | D:2      | Reached skill level 1 in Conjurations
  1825 | D:2      | Reached XP level 4. HP: 24/24 MP: 12/12
  2096 | D:3      | Noticed Robin
  2158 | D:3      | Reached skill level 5 in Spellcasting
  2168 | D:3      | Killed Robin
  2168 | D:3      | Reached XP level 5. HP: 27/28 MP: 8/14
  2174 | D:3      | Reached skill level 2 in Conjurations
  2300 | D:3      | Noticed Natasha
  2302 | D:3      | Killed Natasha
  2529 | D:3      | Noticed Natasha
  2535 | D:3      | Killed Natasha
  2535 | D:3      | Reached skill level 5 in Earth Magic
  2585 | D:3      | Learned a level 5 spell: Lee's Rapid Deconstruction
  2719 | D:3      | Noticed Natasha
  2725 | D:3      | Killed Natasha
  2983 | D:3      | You fall through a shaft for 3 floors!
  2991 | D:6      | Noticed an orc warrior
  3025 | D:6      | Noticed a phantom
  3040 | D:6      | Killed a phantom
  3040 | D:6      | Reached skill level 3 in Conjurations
  3040 | D:6      | Reached XP level 6. HP: 24/32 MP: 9/16
  3081 | D:6      | Reached skill level 3 in Stealth
  3158 | D:6      | Noticed a shadow
  3161 | D:6      | Killed a shadow
  3161 | D:6      | Reached skill level 6 in Spellcasting
  3211 | D:6      | Noticed an orc warrior
  3221 | D:6      | Killed an orc warrior
  3221 | D:6      | Reached skill level 4 in Stealth
  3221 | D:6      | Reached XP level 7. HP: 36/36 MP: 15/18
  3357 | D:5      | Entered Level 5 of the Dungeon
  3358 | D:5      | Found a stormy altar of Qazlal.
  3390 | D:5      | Noticed Duvessa
  3390 | D:5      | Noticed Dowan
  3392 | D:5      | Killed Dowan
  3392 | D:5      | Reached skill level 6 in Earth Magic
  3397 | D:5      | HP: 8/36 [Duvessa/short sword (5)]
  3398 | D:5      | Killed Duvessa
  3398 | D:5      | Reached skill level 4 in Conjurations
  3414 | D:5      | HP: 9/36 [orc wizard/dagger (1)]
  3420 | D:5      | Reached skill level 7 in Spellcasting
  3692 | D:5      | HP: 8/36 [centaur/arrow (17)]
  3693 | D:5      | Reached skill level 5 in Stealth
  3999 | D:5      | Noticed Grinder
  4008 | D:5      | Killed Grinder
  4008 | D:5      | Reached XP level 8. HP: 41/41 MP: 21/21
  4012 | D:5      | Found a burning altar of Makhleb.
  4016 | D:5      | Reached skill level 3 in Dodging
  4026 | D:5      | HP: 9/41 [crimson imp (2)]
  4029 | D:5      | Reached skill level 5 in Conjurations
  4152 | D:5      | Found a blossoming altar of Fedhas.
  4258 | D:5      | Noticed a two-headed ogre
  4273 | D:5      | Slain by a two-headed ogre

Vault maps used:
D:1:      dpeg_arrival_circle_labyrinth_a
D:2:      first_ration, hangedman_abyss_or_decor_lesser_grid, uniq_jessica
D:3:      serial_glass, glass_columns_a, glass_columns_a, uniq_robin,
          uniq_natasha
D:5:      grunt_qazlal_sundering, grunt_temple_overflow_open, uniq_grinder,
          uniq_duvessa
D:6:      hangedman_cross_stitches, nicolae_dithmenos_through_a_glass_darkly

Skill      XL: |  1  2  3  4  5  6  7  8 |
---------------+-------------------------+-----
Spellcasting   | 4 5 6 7 |  7.7
Earth Magic    | 4 5 6 |  6.8
Conjurations   | 1 3 4 5 |  5.1
Stealth        | 4 5 |  5.7
Dodging        | 3 |  3.3
Transmutations | |  1.1

Action                   |  1- 3 |  4- 6 |  7- 9 || total
-------------------------+-------+-------+-------++-------
Melee: Short sword       |    78 |     1 |       ||    79
 Cast: Sandblast         |    19 |    38 |    33 ||    90
       Stone Arrow       |    13 |    44 |    16 ||    73
       Lee's Rapid Decon |       |       |     1 ||     1
  Use: Scroll            |     4 |       |     8 ||    12
       Potion            |       |       |     1 ||     1
 Stab: Sleeping          |     1 |       |       ||     1
  Eat: Chunk             |     1 |     4 |     4 ||     9
       Ration            |     1 |       |       ||     1
Armor: Robe              |    15 |     4 |     3 ||    22
Dodge: Dodged            |    67 |     6 |     6 ||    79

Table legend:
 A = Spawn XP
 B = Non-spawn XP
 C = Spawn XP percentage of total XP
 D = Spawn monster count
 E = Non-spawn monster count
 F = Spawn count percentage of total count
 G = Total turns spent on level
                    A         B        C        D         E        F      G
               +---------+---------+-------+---------+---------+-------+---------
         Total |       0 |    1898 |   0.0 |       0 |     101 |   0.0 |  4273
               +---------+---------+-------+---------+---------+-------+---------
           D:1 |       0 |      28 |   0.0 |       0 |      17 |   0.0 |  1106
           D:2 |       0 |     136 |   0.0 |       0 |      25 |   0.0 |  1042
           D:3 |       0 |     183 |   0.0 |       0 |      35 |   0.0 |   835
           D:5 |       0 |    1021 |   0.0 |       0 |      16 |   0.0 |   916
           D:6 |       0 |     530 |   0.0 |       0 |       8 |   0.0 |   374
               +---------+---------+-------+---------+---------+-------+---------

Vault maps used:
D:1:      dpeg_arrival_circle_labyrinth_a
D:2:      first_ration, hangedman_abyss_or_decor_lesser_grid, uniq_jessica
D:3:      serial_glass, glass_columns_a, glass_columns_a, uniq_robin,
          uniq_natasha
D:5:      grunt_qazlal_sundering, grunt_temple_overflow_open, uniq_grinder,
          uniq_duvessa
D:6:      hangedman_cross_stitches, nicolae_dithmenos_through_a_glass_darkly

Table legend:
 A = Turns spent in this place as a percentage of turns spent in the entire game.
 B = Non-inter-level travel turns spent in this place as a percentage of non-inter-level travel turns spent in the entire game.
 C = Inter-level travel turns spent in this place as a percentage of turns spent in this place.
 D = Turns resting spent in this place as a percentage of non-inter-level travel turns spent in this place.
 E = Turns spent auto-exploring this place as a percentage of non-inter-level travel turns spent in this place.
 F = Non-inter-level travel turns spent in this place divided by the number of levels of this place that you've seen.
                   A       B       C       D       E      F
               +-------+-------+-------+-------+-------+----------------------
         Total | 100.0 | 100.0 |   1.9 |   1.0 |  81.1 | 838.6
       Dungeon | 100.0 | 100.0 |   1.9 |   1.0 |  81.1 | 838.6
               +-------+-------+-------+-------+-------+----------------------

Table legend:
 A = Kills in this place as a percentage of kills in entire the game.
 B = Kills by you in this place as a percentage of kills by you in the entire game.
 C = Kills by friends in this place as a percentage of kills by friends in the entire game.
 D = Other kills in this place as a percentage of other kills in the entire game.
 E = Experience gained in this place as a percentage of experience gained in the entire game.
 F = Experience gained in this place divided by the number of levels of this place that you have seen.
                   A       B       C       D       E      F
               +-------+-------+-------+-------+-------+----------------------
         Total | 100.0 | 100.0 |   N/A |   N/A | 100.0 | 379.6
       Dungeon | 100.0 | 100.0 |   N/A |   N/A | 100.0 | 379.6
               +-------+-------+-------+-------+-------+----------------------
